 Dungeon Crawl Stone Soup version 0.21.1-1-g345015f (webtiles) character file.

161 nicolaieve the Chopper (level 5, -1/47 HPs)
             Began as a Minotaur Berserker on July 6, 2018.
             Was a Believer of Trog.
             Slain by Sigmund
             ... wielding a cursed +0 scythe
              (8 damage)
             ... on level 3 of the Dungeon.
             The game lasted 00:07:15 (2011 turns).

nicolaieve the Chopper (Minotaur Berserker)         Turns: 2011, Time: 00:07:16

Health: -1/47      AC:  6    Str: 22    XL:     5   Next: 19%
Magic:  4/4        EV: 11    Int:  4    God:    Trog [**....]
Gold:   61         SH:  0    Dex: 10    Spells: 4/4 levels left

rFire    . . .     SeeInvis .   a - +0 hand axe
rCold    . . .     Gourm    .   (no shield)
rNeg     . . .     Faith    .   e - +0 ring mail
rPois    .         Spirit   .   (helmet restricted)
rElec    .         Reflect  .   (no cloak)
rCorr    .         Harm     .   (no gloves)
MR       ++...                  h - +0 pair of boots
Stlth    ..........             (no amulet)
HPRegen  1.15/turn              (no ring)
MPRegen  0.09/turn              (no ring)

@: berserk cooldown, regenerating, slowed, very slow
A: retaliatory headbutt, horns 2
a: Berserk, Trog's Hand, Burn Spellbooks, Renounce Religion


You were on level 3 of the Dungeon.
You worshipped Trog.
Trog was pleased with you.
You were near starving.

You visited 1 branch of the dungeon, and saw 3 of its levels.

You collected 61 gold pieces.

Inventory:

Hand Weapons
 a - a +0 hand axe (weapon)
Armour
 b - a +0 animal skin
 e - a +0 ring mail (worn)
 h - a +0 pair of boots (worn)
Jewellery
 o - an uncursed ring of positive energy {unknown}
Scrolls
 d - a scroll of amnesia {unknown}
 g - 2 scrolls of remove curse {unknown}
 i - 3 scrolls of identify {unknown}
 k - 2 scrolls of enchant weapon {unknown}
 n - a scroll of fear {unknown}
 p - a scroll of noise {unknown}
 q - a scroll of immolation {unknown}
Potions
 f - a potion of lignification {unknown}
 l - 2 potions of degeneration {unknown}
 m - a potion of heal wounds {unknown}
 r - a potion of brilliance {unknown}
Comestibles
 c - 3 rations
 j - a chunk of flesh


   Skills:
 + Level 4.5 Fighting
 * Level 6.2 Axes
 + Level 3.2 Armour
 - Level 2.1 Dodging


You had 4 spell levels left.
You didn't know any spells.

Dungeon Overview and Level Annotations

Branches:
Dungeon (3/15)

Altars:
Elyvilon
Nemelex Xobeh
Yredelemnul

Annotations:
D:3 Sigmund


Innate Abilities, Weirdness & Mutations

You reflexively headbutt those who attack you in melee.
You have a pair of horns on your head.


Message History

a chunk of flesh; the felid skeleton of Natasha You feel your anger nearly subside.
You are no longer berserk.
You pass out from exhaustion.
You feel yourself slow down. Something hits you but does no damage.
You can move again.
Something hits you!
* * * LOW HITPOINT WARNING * * *
Unknown command.
Your skin crawls.
You feel resistant to hostile enchantments.
You are near starving!
You hear some strange, mumbled words.
A puff of flame appears from out of thin air!
The puff of flame hits you!
* * * LOW HITPOINT WARNING * * *
You miss something. Something hits you but does no damage.
You barely miss something. Something hits you!
You die...

.......
#......
.......
.......
..... #... #
##..)####.#
#...K{@...#
###
#....##.####
###.. ##.#
#.# #.... #
#.# #.#.#
#.########
#.#.#
#........#
#.#.#
########.#
##....
#.####....#
#..........


You could see a kobold.

Vanquished Creatures
  Natasha (twice) (D:3)
  4 adders
  2 oozes
  A worm (D:2)
  2 dart slugs (D:1)
  3 leopard geckos
  4 giant cockroaches
  9 hobgoblins
  3 jackals (D:2)
  4 kobolds
  A quokka (D:2)
  6 bats (D:2)
  A frilled lizard (D:2)
  9 goblins
  7 rats
58 creatures vanquished.

Notes
Turn   | Place    | Note
-------+----------+-------------------------------------------
     0 | D:1      | nicolaieve the Minotaur Berserker began the quest for the Orb.
     0 | D:1      | Reached XP level 1. HP: 19/19 MP: 0/0
   130 | D:1      | Reached skill level 4 in Axes
   138 | D:1      | Reached XP level 2. HP: 12/27 MP: 1/1
   697 | D:1      | Reached XP level 3. HP: 33/33 MP: 2/2
   841 | D:1      | Reached ** piety under Trog
  1028 | D:2      | Found a sparkling altar of Nemelex Xobeh.
  1100 | D:2      | Reached skill level 5 in Axes
  1115 | D:2      | Found a white marble altar of Elyvilon.
  1243 | D:2      | Found a basalt altar of Yredelemnul.
  1325 | D:2      | Reached XP level 4. HP: 41/41 MP: 3/3
  1882 | D:3      | Noticed Natasha
  1898 | D:3      | Killed Natasha
  1990 | D:3      | Noticed Natasha
  1993 | D:3      | Reached skill level 6 in Axes
  1996 | D:3      | Noticed Sigmund
  1998 | D:3      | Killed Natasha
  1998 | D:3      | Reached XP level 5. HP: 18/47 MP: 4/4
  2011 | D:3      | Slain by Sigmund

Skill      XL: |  1  2  3  4 |
---------------+-------------+-----
Axes           | 4 5 6 |  6.2
Fighting       | 4 |  4.5
Armour         | 3 |  3.2
Dodging        | |  2.1

Action                   |  1- 3 |  4- 6 || total
-------------------------+-------+-------++-------
Melee: Hand axe          |    85 |    54 ||   139
       Headbutt          |     8 |     8 ||    16
Invok: Berserk           |       |     1 ||     1
       Trog's Hand       |       |     1 ||     1
  Eat: Chunk             |     1 |     2 ||     3
Armor: Ring mail         |    24 |    25 ||    49
Dodge: Dodged            |    41 |    22 ||    63
